 Dungeon Crawl Stone Soup version 0.22.0-49-gab54619 (webtiles) character file.

511 Mojopoop the Cutter (level 6, -8/50 HPs)
             Began as a Draconian Transmuter on Sept 7, 2018.
             Mangled by a gnoll
             ... wielding a +0 halberd
              (9 damage)
             ... on level 3 of the Dungeon.
             The game lasted 00:13:43 (1944 turns).

Mojopoop the Cutter (Draconian Transmuter)          Turns: 1944, Time: 00:13:45

Health: -8/50      AC:  6    Str: 13    XL:     6   Next: 99%
Magic:  9/9        EV: 19    Int: 14    God:    Xom [......]
Gold:   123        SH:  0    Dex: 17    Spells: 8/9 levels left

rFire    . . .     SeeInvis .   b - +2 dagger (drain)
rCold    . . .     Gourm    .   (no shield)
rNeg     . . .     Faith    .   (armour unavailable)
rPois    .         Spirit   .   (helmet restricted)
rElec    .         Reflect  .   (no cloak)
rCorr    .         Harm     .   (no gloves)
MR       +....                  (no boots)
Stlth    ++++......             (no amulet)
HPRegen  0.16/turn              i - ring of stealth
MPRegen  0.11/turn              o - ring of protection from magic

@: agile
A: unfitting armour, cold-blooded, AC +6
a: Renounce Religion


You were on level 3 of the Dungeon.
You worshipped Xom.
You were a very special plaything of Xom.
You were not hungry.

You visited 1 branch of the dungeon, and saw 3 of its levels.
You also visited: Sewer.

You collected 123 gold pieces.

Inventory:

Hand Weapons
 b - a +2 dagger of draining (weapon)
 h - the +7 fustibalus of Intimidation {velocity, MR+ Int+2 Dex+2, unknown}
   (You found it in a sewer)

   Any stone fired from it inflicts extra damage.
   It affects your intelligence (+2).
   It affects your dexterity (+2).
   It affects your resistance to hostile enchantments.
Missiles
 a - 49 arrows
 p - 2 curare-tipped needles
Jewellery
 e - an uncursed ring of see invisible
 i - a ring of stealth (left hand)
 o - a ring of protection from magic (right hand)
Scrolls
 f - 2 scrolls of remove curse
 g - a scroll of teleportation
 j - a scroll of enchant weapon {unknown}
 l - a scroll of noise
 n - 2 scrolls of random uselessness {unknown}
 q - a scroll of blinking {unknown}
 r - a scroll of enchant armour {unknown}
Comestibles
 c - 6 rations


   Skills:
 + Level 2.5 Fighting
 * Level 4.8 Short Blades
 + Level 3.5 Dodging
 + Level 2.1 Stealth
 - Level 3.4 Unarmed Combat
 + Level 2.1 Spellcasting
 + Level 2.2 Transmutations


You had 8 spell levels left.
You knew the following spells:

 Your Spells              Type           Power        Failure   Level  Hunger
a - Beastly Appendage     Tmut           #.....       10%         1    #......

Your spell library contained the following spells:

 Spells                   Type           Power        Failure   Level  Hunger
 Sticks to Snakes         Tmut           #.......     14%         2    ###....
 Spider Form              Tmut/Pois      #.........   41%         3    ###....
 Ice Form                 Ice/Tmut       #.......     83%         4    #####..
 Blade Hands              Tmut           #.........   95%         5    ######.


Dungeon Overview and Level Annotations

Branches:
Dungeon (3/15)

Altars:
Ashenzari
Okawaru
Xom


Innate Abilities, Weirdness & Mutations

Your plain brown scales are hard. (AC +6)
You cannot fit into any form of body armour.
You are cold-blooded and may be slowed by cold attacks.


Message History

The gnoll hits you from afar with a halberd!
* * * LOW HITPOINT WARNING * * *
You barely miss the gnoll.
The gnoll is lightly wounded.
The gnoll barely misses you. The gnoll closely misses you.
You barely miss the gnoll.
The gnoll is lightly wounded.
The gnoll closely misses you. The gnoll misses you.
You barely miss the gnoll.
Your tail-slap misses the gnoll.
The gnoll is lightly wounded.
The gnoll hits you with a club.
* * * LOW HITPOINT WARNING * * *
The gnoll closely misses you.
You feel agile all of a sudden.
The gnoll hits you from afar with an enchanted spear!
* * * LOW HITPOINT WARNING * * *
Xom thinks this is hilarious!
The gnoll hits you but does no damage.
The gnoll hits you from afar with a halberd!
You die...

.≈ ##....###
########.≈ ##
##.##...
......... ≈
#.......
......... ≈#
##..#.##
........# ≈≈#
####...##
#....##≈≈#
#........
#.gg...≈#
#.###....
###g...≈#
#.(...#..
#@#####
#≈##..### #.#
##≈##..# #.# ##
#≈≈...>## #.#
#KK##≈≈.#...##
##.#
#..#≈≈≈≈#....#
#..#
#..#≈≈≈≈...#.#
#.##
#..#≈≈≈≈...#..
#.#
#..##≈≈....#.#
#.#
###..#≈≈....#..


You could see 3 gnolls.

Vanquished Creatures
  The ghost of yogakurto the Gusty, an amateur GrAE (D:3)
  3 bullfrogs
  An orc wizard (D:3)
  A worker ant zombie (D:2)
  A gnoll (D:2)
  8 adders
  2 oozes
  An adder zombie (D:3)
  4 worms
  3 dart slugs
  4 leopard geckos
  3 orcs (D:3)
  5 bats
  8 giant cockroaches
  8 goblins
  A hobgoblin (D:1)
  4 jackals (D:3)
  9 kobolds
  A quokka (D:2)
  3 ball pythons
  15 frilled lizards
  A jackal skeleton (D:3)
  A leopard gecko zombie (D:3)
  7 rats
95 creatures vanquished.

Notes
Turn   | Place    | Note
-------+----------+-------------------------------------------
     0 | D:1      | Mojopoop the Draconian Transmuter began the quest for the
                  | Orb.
     0 | D:1      | Reached XP level 1. HP: 16/16 MP: 3/3
   117 | D:1      | Reached XP level 2. HP: 18/23 MP: 5/5
   530 | D:1      | Reached XP level 3. HP: 28/28 MP: 6/6
   618 | D:2      | Reached skill level 1 in Short Blades
   750 | D:2      | Reached XP level 4. HP: 22/35 MP: 7/7
   834 | D:2      | Found a shimmering altar of Xom.
   837 | D:2      | Found a shattered altar of Ashenzari.
   871 | D:2      | Became a worshipper of Xom of Bone-Dry Humour
   982 | D:2      | Reached skill level 2 in Short Blades
   982 | D:2      | Reached skill level 1 in Stealth
  1170 | D:2      | XOM: harmless Pois miscast
  1203 | D:3      | Found an iron altar of Okawaru.
  1253 | D:3      | Noticed a bullfrog
  1265 | D:3      | Killed a bullfrog
  1265 | D:3      | Reached XP level 5. HP: 41/41 MP: 8/8
  1282 | D:3      | Found a glowing drain.
  1297 | Sewer    | Entered a sewer
  1322 | Sewer    | Reached skill level 3 in Short Blades
  1365 | Sewer    | XOM: harmless Conj miscast
  1535 | Sewer    | Reached XP level 6. HP: 38/48 MP: 9/9
  1556 | Sewer    | Got a brightly glowing fustibalus
  1597 | D:3      | XOM: harmless Tmut miscast
  1636 | D:3      | Reached skill level 4 in Short Blades
  1833 | D:3      | Found a runed gate.
  1833 | D:3      | Found a runed gate.
  1833 | D:3      | Found a runed gate.
  1839 | D:3      | Noticed yogakurto's ghost (amateur GrAE)
  1861 | D:3      | XOM: confuse monster(s)
  1878 | D:3      | XOM: harmless Erth miscast
  1888 | D:3      | Killed yogakurto's ghost
  1944 | D:3      | HP: 1/50 [gnoll/enchanted spear (10)]
  1944 | D:3      | Mangled by a gnoll

Skill      XL: |  1  2  3  4  5  6 |
---------------+-------------------+-----
Dodging        | 2 3 |  3.5
Short Blades   | 1 2 3 4 |  4.8
Stealth        | 1 2 |  2.1
Fighting       | 2 |  2.5
Unarmed Combat | |  3.4
Spellcasting   | |  2.1
Transmutations | |  2.2

Action                   |  1- 3 |  4- 6 || total
-------------------------+-------+-------++-------
Melee: Unarmed           |    20 |       ||    20
       Dagger            |    86 |   211 ||   297
       Tailslap          |     9 |    23 ||    32
       Spear             |    11 |       ||    11
       Punch             |     2 |     2 ||     4
       Headbutt          |       |     1 ||     1
 Cast: Beastly Appendage |       |     2 ||     2
  Use: Scroll            |     6 |     2 ||     8
       Potion            |     1 |     5 ||     6
 Stab: Sleeping          |     4 |     1 ||     5
       Distracted        |     1 |     1 ||     2
  Eat: Ration            |       |     1 ||     1
       Chunk             |       |     1 ||     1
Armor: Skin              |    30 |    44 ||    74
Dodge: Dodged            |    61 |   134 ||   195
